 Dungeon Crawl Stone Soup version 0.23.2-40-g277498a (webtiles) character file.

Game seed: 13617976626763551359

1670 Fang the Skirmisher (level 9, 0/56 HPs)
             Began as a Gargoyle Berserker on Oct 15, 2019.
             Was a Priest of Trog.
             Slain by an ice beast (14 damage)
             ... on level 5 of the Dungeon.
             The game lasted 00:08:00 (4342 turns).

Fang the Skirmisher (Gargoyle Berserker)            Turns: 4342, Time: 00:08:01

Health: 0/56       AC:  8    Str: 27    XL:     9   Next: 1%
Magic:  18/18      EV: 13    Int:  9    God:    Trog [***...]
Gold:   241        SH:  0    Dex:  9    Spells: 8/8 levels left

rFire    . . .     SeeInvis .   a - +1 war axe
rCold    . . .     Gourm    .   (no shield)
rNeg     + . .     Faith    .   b - +0 animal skin
rPois    ∞         Spirit   .   (no helmet)
rElec    +         Reflect  .   (no cloak)
rCorr    .         Harm     .   (no gloves)
MR       ++...                  (no boots)
Stlth    +.........             (no amulet)
HPRegen  1.18/turn              j - +4 ring of strength
MPRegen  0.16/turn              l - ring "Zytizupp" {rPois MP+9 Slay+4}

@: marked, berserk cooldown, regenerating, slowed, very slow
A: negative energy resistance 1, electricity resistance, unbreathing,
petrification resistance, rot immunity, AC +6
a: Berserk, Trog's Hand, Renounce Religion


You were on level 5 of the Dungeon.
You worshipped Trog.
Trog was most pleased with you.
You were very hungry.

You visited 2 branches of the dungeon, and saw 6 of its levels.
You also visited: Sewer.

You collected 241 gold pieces.

Inventory:

Hand Weapons
 a - a +1 war axe (weapon)
Armour
 b - a +0 animal skin (worn)
Jewellery
 j - a +4 ring of strength (left hand)
 k - an uncursed ring of positive energy
 l - the ring "Zytizupp" (right hand) {rPois MP+9 Slay+4}
   (You found it on level 4 of the Dungeon)

   [ring of magical power]

   It affects your accuracy and damage with ranged weapons and melee attacks
   (+4).
   It protects you from poison.
   It affects your magic capacity (+9).
Wands
 i - a wand of flame (42)
Scrolls
 d - a scroll of magic mapping
 e - 7 scrolls of identify
 h - a scroll of remove curse
 m - a scroll of blinking
 s - a scroll of fear {unknown}
Potions
 f - 2 potions of berserk rage {unknown}
 g - a potion of degeneration {unknown}
 n - a potion of might {unknown}
 o - a potion of curing {unknown}
 p - a potion of haste {unknown}
 r - a potion of brilliance {unknown}
 t - 4 potions of lignification
Comestibles
 c - 7 rations
 q - a chunk of flesh


   Skills:
 + Level 6.9 Fighting
 + Level 5.7 Axes
 + Level 6.4 Armour
 + Level 4.8 Dodging


You had 8 spell levels left.
You didn't know any spells.
Your spell library was empty.

Dungeon Overview and Level Annotations

Branches:
Dungeon (5/15)             Temple (1/1) D:4

Altars:
Ashenzari
Hepliaklqana
Xom
Yredelemnul

Annotations:
D:3 2 transporters


Innate Abilities, Weirdness & Mutations

You are resistant to torment.
Your stone body is resilient. (AC +6)
You are immune to poison.
You resist negative energy. (rN+)
You are resistant to electric shocks. (rElec)
You can survive without breathing.
You are immune to petrification.
You are immune to rotting.


Message History

Found 14 gold pieces and 12 stones.
You see here a hound corpse.
You butcher the hound corpse.
You feel a strong urge to attack something.
q - a chunk of flesh You see here a hound skeleton.
You see here an adder corpse.
You butcher the adder corpse.
You feel your anger nearly subside.
You are no longer berserk.
You are exhausted.
You feel yourself slow down.
Things that are here:
a chunk of flesh; an adder skeleton You see here a hound skeleton.
Your skin crawls.
You feel resistant to hostile enchantments.
You feel somewhat more hungry. The ice beast hits you.
* * * LOW HITPOINT WARNING * * *
The ice beast freezes you!
You die...

#.( #...# #.. #...#
###..#### #...#
###.......#####.########
..(....#..((....#.......
..Y....#..##............
#........##.#..#..####.
#..###.........#..#....
#...?Y@%.#.......†..##.
#.##........#.##..####.
#.#.................
......#####..#.......
###..... #..########
...#..$ ... .....###.###
..(...


You could see an ice beast.

Vanquished Creatures
  Pikel (D:4)
  Eustachio (D:4)
  A sky beast (D:5)
  2 slaves (D:4)
  An ogre (D:4)
  2 phantoms (D:4)
  2 centaurs (D:5)
  A crocodile (Sewer)
  Blork the orc (D:4)
  A crimson imp (D:5)
  2 hounds
  A jelly (D:5)
  A gnoll shaman (D:4)
  An orc wizard (D:3)
  Ijyb (D:3)
  An iguana (D:4)
  Robin (D:3)
  5 gnolls (D:4)
  2 adders
  2 shadow imps (D:5)
  5 worms
  A dart slug (D:1)
  9 orcs
  3 giant cockroaches
  6 hobgoblins
  11 jackals
  A ball python (D:4)
  6 bats
  4 frilled lizards
  16 goblins
  8 kobolds
  2 rats
  A spectral orc (D:2)
103 creatures vanquished.

Notes
Turn   | Place    | Note
-------+----------+-------------------------------------------
     0 | D:1      | Fang the Gargoyle Berserker began the quest for the Orb.
     0 | D:1      | Reached XP level 1. HP: 14/14 MP: 1/1
   213 | D:1      | Reached XP level 2. HP: 14/19 MP: 2/2
  1065 | D:2      | Reached XP level 3. HP: 22/23 MP: 3/3
  1160 | D:2      | Found a basalt altar of Yredelemnul.
  1192 | D:2      | Reached ** piety under Trog
  1461 | D:2      | Found a hazy altar of Hepliaklqana.
  1462 | D:2      | Found a shimmering altar of Xom.
  1462 | D:2      | Noticed an earth elemental
  1464 | D:2      | Noticed an earth elemental
  1464 | D:2      | Noticed a spectral ugly thing
  1495 | D:2      | Reached XP level 4. HP: 19/29 MP: 4/4
  1745 | D:3      | Noticed Robin
  1753 | D:3      | Killed Robin
  1944 | D:3      | Noticed an orc warrior
  1945 | D:3      | Noticed a wyvern
  1946 | D:3      | Noticed a yak
  1947 | D:3      | Noticed a hungry ghost
  1948 | D:3      | Found a transporter.
  1948 | D:3      | Found a shattered altar of Ashenzari.
  1960 | D:3      | Found a transporter.
  2113 | D:3      | Reached XP level 5. HP: 30/33 MP: 5/5
  2378 | D:3      | Noticed Ijyb
  2391 | D:3      | Killed Ijyb
  2851 | D:4      | Noticed a phantom
  2852 | D:4      | Noticed Blork the orc
  2862 | D:4      | Killed Blork the orc
  2862 | D:4      | Reached *** piety under Trog
  2862 | D:4      | Reached XP level 6. HP: 22/39 MP: 6/6
  2863 | D:4      | Killed a phantom
  3214 | D:4      | Noticed Eustachio
  3222 | D:4      | Killed Eustachio
  3222 | D:4      | Reached skill level 5 in Fighting
  3222 | D:4      | Reached XP level 7. HP: 38/44 MP: 7/7
  3290 | D:4      | Found a staircase to the Ecumenical Temple.
  3315 | Temple   | Entered the Ecumenical Temple
  3388 | D:4      | Noticed Pikel
  3404 | D:4      | Killed Pikel
  3404 | D:4      | Reached skill level 5 in Axes
  3404 | D:4      | Reached skill level 5 in Armour
  3404 | D:4      | Reached XP level 8. HP: 8/51 MP: 8/8
  3654 | D:4      | Got a scintillating granite ring
  3656 | D:4      | Identified the ring "Zytizupp" {rPois MP+9 Slay+4} (You
                  | found it on level 4 of the Dungeon)
  3858 | D:5      | Entered Level 5 of the Dungeon
  3986 | D:5      | Found a glowing drain.
  4008 | Sewer    | Entered a sewer
  4335 | D:5      | Reached XP level 9. HP: 23/56 MP: 9/9
  4342 | D:5      | Slain by an ice beast

Skill      XL: |  1  2  3  4  5  6  7  8 |
---------------+-------------------------+-----
Axes           | 3 4 5 |  5.7
Dodging        | 2 3 4 |  4.8
Armour         | 3 4 5 6 |  6.4
Fighting       | 4 5 6 |  6.9

Action                   |  1- 3 |  4- 6 |  7- 9 || total
-------------------------+-------+-------+-------++-------
Melee: Hand axe          |    62 |       |       ||    62
       War axe           |    33 |   109 |   109 ||   251
       Unarmed           |     1 |       |       ||     1
Invok: Berserk           |       |     2 |     2 ||     4
       Trog's Hand       |       |       |     2 ||     2
  Use: Scroll            |       |     9 |       ||     9
 Stab: Sleeping          |       |       |     1 ||     1
  Eat: Chunk             |     2 |     7 |     5 ||    14
Armor: Animal skin       |    42 |    31 |    42 ||   115
Dodge: Dodged            |    94 |    60 |    76 ||   230
